 Dungeon Crawl Stone Soup version 0.20-a0-1039-gf554463 (webtiles) character file.

72 Leonis the Conjurer (level 4, 0/33 HPs)
             Began as a Draconian Conjurer on Apr 22, 2017.
             Slain by Crazy Yiuf
             ... wielding a +2 quarterstaff of chaos
              (1 damage)
             ... on level 2 of the Dungeon.
             The game lasted 00:11:02 (1628 turns).

Leonis the Conjurer (Draconian Conjurer)            Turns: 1628, Time: 00:11:02

Health: 0/33       AC:  5    Str: 11    XL:     4   Next: 7%
Magic:  5/7        EV:  2    Int: 16    God:
Gold:   105        SH:  0    Dex: 11    Spells: 4/7 levels left

rFire    . . .     SeeInvis .   k - +1 spear (pierce)
rCold    . . .     Gourm    .   (no shield)
rNeg     + + +     Faith    .   (armour unavailable)
rPois    ∞         Spirit   .   (helmet restricted)
rElec    .         Reflect  .   (no cloak)
rCorr    .         Harm     .   (no gloves)
MR       .....                  (no boots)
Stlth    ++........             (no amulet)
Regen    0.2/turn               f - ring of flight
MPRegen  0.1/turn               (no ring)

@: petrified
A: unfitting armour, cold-blooded, AC +5
a: Evoke Flight


You were on level 2 of the Dungeon.
You were not hungry.

You visited 1 branch of the dungeon, and saw 2 of its levels.

You collected 105 gold pieces.

Inventory:

Hand Weapons
 k - a +1 spear of piercing (weapon)
 p - a +0 dagger of draining
Missiles
 g - 15 sling bullets
Jewellery
 f - a ring of flight (left hand)
Scrolls
 c - 3 scrolls of identify {unknown}
 e - 2 scrolls of enchant weapon {unknown}
 i - 2 scrolls of immolation {unknown}
 j - 2 scrolls of noise {unknown}
 n - a scroll of fog {unknown}
 o - a scroll of teleportation {unknown}
Potions
 l - 2 potions of resistance {unknown}
 m - a potion of curing {unknown}
Books
 a - a book of Conjurations

   Spells                             Type                      Level
   a - Magic Dart                     Conjuration                  1
   b - Searing Ray                    Conjuration                  2
   c - Dazzling Spray                 Conjuration/Hexes            3
   d - Fulminant Prism                Conjuration/Hexes            4
   e - Force Lance                    Conjuration/Translocation    4
   f - Iskenderun's Mystic Blast      Conjuration                  4
Comestibles
 b - 2 bread rations
 h - 2 meat rations


   Skills:
 + Level 2.0 Dodging
 + Level 2.1 Stealth
 + Level 0.4 Unarmed Combat
 + Level 2.3 Spellcasting
 + Level 5.1 Conjurations


You had 4 spell levels left.
You knew the following spells:

 Your Spells              Type           Power        Failure   Level  Hunger
a - Magic Dart            Conj           ###.         2%          1    #......
b - Searing Ray           Conj           ###...       3%          2    ###....


Dungeon Overview and Level Annotations

Branches:
Dungeon (2/15)

Altars:
Dithmenos
Okawaru

Annotations:
D:2 Crazy Yiuf, Sigmund


Innate Abilities, Weirdness & Mutations

Your plain brown scales are hard. (AC +5)
You cannot fit into any form of body armour.
You are cold-blooded and may be slowed by cold attacks.


Message History

You barely miss Crazy Yiuf.
Crazy Yiuf is moderately wounded.
Crazy Yiuf barely misses you.
Crazy Yiuf hits you with a quarterstaff of chaos!
You are electrocuted!
All of the chunks of flesh in your inventory have rotted away.
Your limbs are stiffening.
You hit Crazy Yiuf.
Crazy Yiuf is severely wounded.
Crazy Yiuf whimpers, "Gum ladder cower!"
Crazy Yiuf hits you with a quarterstaff of chaos!
* * * LOW HITPOINT WARNING * * *
Crazy Yiuf freezes you.
* * * LOW HITPOINT WARNING * * *
You have turned to stone.
Crazy Yiuf hits you but does no damage.
Crazy Yiuf hits you with a quarterstaff of chaos!
* * * LOW HITPOINT WARNING * * *
Crazy Yiuf burns you.
You die...

##...# #.....##........##
#...######...()..§......§##
#......................####
#..################....# #
#..# #....# # ####
♣♣♣♣♣##....# # ###
♣♣♣.♣.P.#....#
#...#♣..♣.........#
#...g@♣♣♣♣.P......# #)..#♣♣
♣♣..#.#### ### ♣♣####


You could see Crazy Yiuf.

Vanquished Creatures
  An adder (D:2)
  2 oozes
  A worm (D:2)
  2 dart slugs
  2 leopard geckos
  A ball python (D:2)
  2 giant cockroaches
  6 goblins
  5 hobgoblins
  2 jackals (D:2)
  5 kobolds
  7 bats
  6 frilled lizards
  4 rats (D:1)
46 creatures vanquished.

Notes
Turn   | Place    | Note
-------+----------+-------------------------------------------
     0 | D:1      | Leonis the Draconian Conjurer began the quest for the Orb.
     0 | D:1      | Reached XP level 1. HP: 14/14 MP: 3/3
   137 | D:1      | Reached XP level 2. HP: 19/20 MP: 1/5
   468 | D:1      | Reached XP level 3. HP: 26/26 MP: 1/6
   929 | D:2      | Noticed Sigmund
   929 | D:2      | Found a shadowy altar of Dithmenos.
   999 | D:2      | Learned a level 2 spell: Searing Ray
  1002 | D:2      | Found an iron altar of Okawaru.
  1227 | D:2      | Reached skill level 5 in Conjurations
  1265 | D:2      | Reached XP level 4. HP: 27/33 MP: 1/7
  1547 | D:2      | Found a runed door.
  1619 | D:2      | Noticed Crazy Yiuf
  1628 | D:2      | HP: 1/33 [Crazy Yiuf/quarterstaff of chaos (7)]
  1628 | D:2      | Slain by Crazy Yiuf

Vault maps used:
D:1:      minmay_arrival_stair_chambers, minmay_pentomino_v2
D:2:      grunt_dithmenos_smoke_and_mirrors, nicolae_overflow_crystal_walls,
          uniq_sigmund, uniq_crazy_yiuf_cottage

Skill      XL: |  1  2  3 |
---------------+----------+-----
Stealth        | 2 |  2.1
Dodging        | 2 |  2.0
Conjurations   | 5 |  5.1
Unarmed Combat | |  0.4
Spellcasting   | |  2.3

Action                   |  1- 3 |  4- 6 || total
-------------------------+-------+-------++-------
Melee: Unarmed           |    24 |       ||    24
       Tailslap          |     3 |       ||     3
       Spear             |    15 |    10 ||    25
 Cast: Magic Dart        |    64 |     9 ||    73
  Eat: Chunk             |     2 |     1 ||     3
Armor: Skin              |    14 |     2 ||    16
Dodge: Dodged            |    22 |     4 ||    26
